 Dungeon Crawl Stone Soup version 0.30-a0-459-g9104f0fc43 (webtiles) character file.

Game seed: 773660325036533905

1706910 ryw the Worldbinder (level 26, 197/197 HPs)
             Began as a Demonspawn Monk on Dec 14, 2022.
             Was the Champion of Hepliaklqana.
             Escaped with the Orb
             ... and 3 runes on Dec 16, 2022!
             The game lasted 03:47:49 (65865 turns).

ryw the Worldbinder (Demonspawn Monk)              Turns: 65865, Time: 03:47:49

Health: 197/197    AC: 18    Str: 30      XL:     26   Next: 26%
Magic:  25/36      EV: 23    Int: 29 (31) God:    Hepliaklqana [******]
Gold:   12102      SH: 20    Dex: 13      Spells: 6/53 levels left

rFire   + + +      SeeInvis .    Y - +6 broad axe "Tuahead" {flame, rElec Int+3 Dex-4}
rCold   . . .      Faith    +    j - +3 kite shield "Epsel" {+Inv Regen+}
rNeg    . . .      Spirit   .    N - +2 leather armour of Beogh's Favour {Drain Regen+ Str+5}
rPois   +          Reflect  .    F - +2 hat {Will+}
rElec   +          Harm     .    K - +4 dragonskin cloak
rCorr   +          Rampage  .    O - +1 pair of gloves "Joxkin" {rF+ Slay+3}
Will    +++..                    (boots unavailable)
Stlth   +.........               T - amulet "Ane Bam" {Faith Fragile Str+9 Int+4 Dex+4}
HPRegen 0.00/turn                I - ring "Aceegez" {rPois rCorr Str+2 Int+6 Dex-2}
MPRegen 0.25/turn                n - ring of Fecsu {*Corrode rF+ EV+4 Dex+2 Slay+3}

@: inhibited regen, studying 2 skills
A: reduced essence, hooves 3, molten scales 3, hurl damnation, ignite blood 2,
spiny 3, torment resistance 1, demonic willpower, large bone plates 1, clumsy 2,
deformed body, low MP 1, sense surroundings 1, screaming 1, inhibited
regeneration, weak 1
0: Orb of Zot
}: 3/15 runes: decaying, serpentine, silver
a: Hurl Damnation, Renounce Religion, Evoke Invisibility, Recall Ancestor,
Ancestor Identity, Transference, Idealise


You escaped.
You worshipped Hepliaklqana.
Hepliaklqana was exalted by your worship.
You visited 11 branches of the dungeon, and saw 50 of its levels.
You also visited: Gauntlet.

You collected 12358 gold pieces.
You spent 256 gold pieces at shops.

Inventory:

Hand Weapons
 Y - the +6 broad axe "Tuahead" (weapon) {flame, rElec Int+3 Dex-4}
   (You took it off a deep elf sorcerer on level 3 of the Elven Halls)

   It burns those it strikes, dealing additional fire damage.
   Big, fiery blades are also staple armaments of hydra-hunters.
   Int:       It affects your intelligence (+3).
   Dex:       It affects your dexterity (-4).
   rElec:     It insulates you from electricity.
Armour
 j - the +3 kite shield "Epsel" (worn) {+Inv Regen+}
   (You acquired it on level 5 of the Dungeon)

   +Inv:      It lets you turn invisible.
   Regen:     It increases your rate of health regeneration.
 F - a +2 hat of willpower (worn)
 K - the +4 dragonskin cloak (worn)
   (You took it off Tiamat on level 2 of the Realm of Zot)

   It grants the wearer a chance to resist fire, cold, poison, electricity,
   acid, and negative energy.
 N - the +2 leather armour of Beogh's Favour (worn) {Drain Regen+ Str+5}
   (You found it on level 4 of the Lair of Beasts)

   Str:       It affects your strength (+5).
   Regen:     It increases your rate of health regeneration.
   Drain:     It drains your maximum health when unequipped.
 O - the +1 pair of gloves "Joxkin" (worn) {rF+ Slay+3}
   (You acquired it on level 5 of the Lair of Beasts)

   Slay:      It affects your accuracy & damage with ranged weapons and melee
   (+3).
   rF:        It protects you from fire.
 Q - the +1 cloak "Otu Xirch" {rF+ Int+3 Dex+2}
   (You found it in a Gauntlet)

   Int:       It affects your intelligence (+3).
   Dex:       It affects your dexterity (+2).
   rF:        It protects you from fire.
Jewellery
 b - a ring of protection from cold
 i - a ring of ice
 n - the ring of Fecsu (right hand) {*Corrode rF+ EV+4 Dex+2 Slay+3}
   (You took it off a deep elf zephyrmancer on level 3 of the Elven Halls)

   [ring of evasion]

   EV:        It affects your evasion (+4).
   Dex:       It affects your dexterity (+2).
   Slay:      It affects your accuracy & damage with ranged weapons and melee
   (+3).
   rF:        It protects you from fire.
   *Corrode:  It may corrode you when you take damage.
 t - a ring of flight
 I - the ring "Aceegez" (left hand) {rPois rCorr Str+2 Int+6 Dex-2}
   (You found it on level 1 of the Depths)

   [ring of intelligence]

   Str:       It affects your strength (+2).
   Int:       It affects your intelligence (+6).
   Dex:       It affects your dexterity (-2).
   rPois:     It protects you from poison.
   rCorr:     It protects you from acid and corrosion.
 L - the ring "Gotuca" {Str+2 Dex+2 SInv}
   (You found it on level 1 of the Snake Pit)

   [ring of see invisible]

   Str:       It affects your strength (+2).
   Dex:       It affects your dexterity (+2).
   SInv:      It lets you see invisible.
 M - the ring of the Barnacle {rC+ Will- Str+2 Int+6 Dex+6}
   (You took it off a yaktaur on level 5 of the Vaults)

   [ring of dexterity]

   Str:       It affects your strength (+2).
   Int:       It affects your intelligence (+6).
   Dex:       It affects your dexterity (+6).
   rC:        It protects you from cold.
   Will:      It decreases your willpower.
 R - the ring of Demir {rF+ rC+ rCorr Int+6}
   (You took it off a deep elf zephyrmancer on level 3 of the Elven Halls)

   [ring of intelligence]

   Int:       It affects your intelligence (+6).
   rF:        It protects you from fire.
   rC:        It protects you from cold.
   rCorr:     It protects you from acid and corrosion.
 T - the amulet "Ane Bam" (around neck) {Faith Fragile Str+9 Int+4 Dex+4}
   (You acquired it on level 10 of the Dungeon)

   [amulet of faith]

   It allows you to gain divine favour quickly.
   Str:       It affects your strength (+9).
   Int:       It affects your intelligence (+4).
   Dex:       It affects your dexterity (+4).
   Fragile:   It will be destroyed if unequipped.
Wands
 e - a wand of quicksilver (32)
 m - a wand of digging (16)
 r - a wand of charming (9)
 v - a wand of polymorph (23)
 x - a wand of mindburst (105)
 D - a wand of iceblast (45)
Scrolls
 a - 6 scrolls of butterflies
 g - 11 scrolls of fear
 h - 8 scrolls of teleportation
 z - 7 scrolls of poison
 A - 3 scrolls of silence
 H - 11 scrolls of blinking
 P - 3 scrolls of amnesia
 U - 8 scrolls of magic mapping
 V - 12 scrolls of fog
Potions
 c - 15 potions of curing
 d - 8 potions of lignification
 f - 6 potions of flight
 l - 9 potions of mutation
 o - 10 potions of haste
 q - 2 potions of berserk rage
 s - 13 potions of might
 u - 2 potions of resistance
 w - 4 potions of magic
 B - 6 potions of brilliance
 C - 10 potions of attraction
 E - 4 potions of heal wounds
 G - 7 potions of invisibility
 J - 8 potions of ambrosia
 S - 7 potions of cancellation
Miscellaneous
 k - a condenser vane
 p - a box of beasts
 y - a tin of tremorstones (2/2)
 X - a lightning rod (4/4)


   Skills:
 + Level 20.5 Fighting
 - Level 18.0 Axes
 - Level 10.0 Armour
 - Level 19.0 Dodging
 - Level 2.0 Stealth
 - Level 14.0 Shields
 - Level 3.0 Unarmed Combat
 - Level 14.0 Spellcasting
 - Level 5.0 Hexes
 - Level 21.0 Summonings
 * Level 14.5 Translocations
 - Level 3.0 Transmutations
 - Level 5.0 Invocations
 - Level 11.0 Evocations


You had 6 spell levels left.
You knew the following spells:

 Your Spells              Type           Power      Damage    Failure   Level
a - Wereblood             Tmut           37%        N/A       2%          2
b - Summon Horrible Thin  Summ           48%        N/A       6%          8
c - Monstrous Menagerie   Summ           48%        N/A       1%          7
d - Summon Hydra          Summ           48%        N/A       1%          7
e - Malign Gateway        Summ/Tloc      44%        N/A       3%          7
f - Summon Cactus Giant   Summ           48%        N/A       1%          6
g - Summon Mana Viper     Hex/Summ       77%        N/A       1%          5
z - Summon Forest         Summ/Tloc      44%        N/A       1%          5

Your spell library contained the following spells:

 Spells                   Type           Power      Damage    Failure   Level
 Apportation              Tloc           100%       N/A       0%          1
 Summon Small Mammal      Summ           100%       N/A       0%          1
 Call Canine Familiar     Summ           97%        N/A       0%          3
 Gell's Gravitas          Tloc           81%        N/A       1%          3
 Kindle Blastsparks       Fire/Tloc/Air  96%        2d18      1%          3
 Portal Projectile        Hex/Tloc       100%       N/A       1%          3
 Summon Guardian Golem    Hex/Summ       77%        N/A       1%          3
 Teleport Other           Tloc           81%        N/A       1%          3
 Tukima's Dance           Hex            49%        N/A       1%          3
 Vhi's Electric Charge    Tloc/Air       100%       N/A       1%          3
 Animate Armour           Summ/Erth      100%       N/A       1%          4
 Manifold Assault         Tloc           81%        N/A       1%          4
 Passage of Golubria      Tloc           81%        N/A       1%          4
 Summon Ice Beast         Ice/Summ       69%        N/A       1%          4
 Dispersal                Tloc           40%        N/A       1%          6
 Sting                    Tmut/Pois      100%       1d8       2%          1
 Iskenderun's Mystic Bla  Conj/Tloc      58%        2d12      2%          4
 Foxfire                  Conj/Fire      80%        2x1d8     4%          1
 Magic Dart               Conj           80%        1d7       4%          1
 Necrotise                Necr           80%        1d8       4%          1
 Sandblast                Erth           40%        2d10      4%          1
 Passwall                 Tmut/Erth      24%        N/A       4%          2
 Dazzling Flash           Conj/Hex       68%        N/A       5%          3
 Inner Flame              Hex/Fire       34%        N/A       5%          3
 Cause Fear               Hex            24%        N/A       6%          4
 Cigotuvi's Dreadful Rot  Necr/Pois/Air  40%        N/A       8%          2
 Poisonous Vapours        Pois/Air       40%        N/A       8%          2
 Scorch                   Fire           40%        2d7       8%          2
 Searing Ray              Conj           40%        2d5       8%          2
 Sublimation of Blood     Necr           20%        N/A       8%          2
 Spider Form              Tmut/Pois      29%        N/A       9%          3
 Ignite Poison            Fire/Tmut/Pois 26%        N/A       10%         3
 Frozen Ramparts          Ice            40%        1d7       16%         3
 Hailstorm                Conj/Ice       20%        3d6       16%         3
 Mephitic Cloud           Conj/Pois/Air  20%        N/A       16%         3
 Ozocubu's Armour         Ice            20%        N/A       16%         3
 Stone Arrow              Conj/Erth      40%        3d9       16%         3
 Vampiric Draining        Necr           20%        2d7       16%         3
 Fulminant Prism          Conj/Hex       17%        3d10      19%         4
 Leda's Liquefaction      Hex/Erth       17%        N/A       19%         4
 Ice Form                 Ice/Tmut       29%        N/A       26%         4
 Petrify                  Tmut/Erth      29%        N/A       26%         4
 Blade Hands              Tmut           18%        N/A       38%         5
 Flame Wave               Conj/Fire      20%        2d7       45%         4
 Sticky Flame             Conj/Fire      20%        2d4       45%         4
 Silence                  Hex/Air        17%        N/A       45%         5
 Alistair's Intoxication  Tmut/Pois      19%        N/A       58%         5
 Irradiate                Conj/Tmut      14%        3d16      58%         5
 Agony                    Necr           20%        N/A       80%         5
 Fireball                 Conj/Fire      10%        3d6       80%         5
 Iskenderun's Battlesphe  Conj           20%        2d7       80%         5
 Iron Shot                Conj/Erth      10%        9d3       100%        6
 Simulacrum               Ice/Necr       10%        N/A       100%        6
 Starburst                Conj/Fire      10%        6d5       100%        6
 Spellforged Servitor     Conj/Summ      34%        N/A       50%         7
 Disjunction              Tloc           40%        N/A       65%         8
 Dragon's Call            Summ           48%        N/A       67%         9
 Dragon Form              Tmut           18%        N/A       100%        7
 Ozocubu's Refrigeration  Ice            10%        4d9       100%        7
 Borgnjor's Revivificati  Necr           10%        N/A       100%        8
 Discord                  Hex            24%        N/A       100%        8
 Lehudib's Crystal Spear  Conj/Erth      10%        10d4      100%        8
 Necromutation            Tmut/Necr      14%        N/A       100%        8
 Chain Lightning          Conj/Air       10%        3d13      100%        9
 Death's Door             Necr           10%        N/A       100%        9
 Fire Storm               Conj/Fire      10%        8d3       100%        9
 Shatter                  Erth           10%        3d11*     100%        9


Dungeon Overview and Level Annotations

Branches:
Dungeon (15/15)            Temple (1/1) D:5            Lair (5/5) D:8
  Swamp (4/4) Lair:2        Snake (4/4) Lair:2        Slime (0/5) Lair:5
    Orc (2/2) D:9             Elf (3/3) Orc:2        Vaults (5/5) D:13
  Crypt (2/3) Vaults:2     Depths (4/4) D:15            Zot (5/5) Depths:4
Gauntlet (visited)

Altars:
Ashenzari
Cheibriados
Dithmenos
Fedhas
Gozag
Hepliaklqana
Kikubaaqudgha
Makhleb
Nemelex Xobeh
Okawaru
Qazlal
Ru
Sif Muna
Trog
Uskayaw
Vehumet
Wu Jian
Xom
Yredelemnul
Jiyva

Shops:
D:9 ([   Orc:1 (   Orc:2 (::*[?   Snake:1 :=[*   Snake:2 [[(   Vaults:3 (
Vaults:4 ((*[   Zot:2 *   Depths:4 (!

Portals:
Hell: Depths:1 Depths:2 Depths:3 Depths:4
Abyss: Depths:2 Depths:3 Depths:4
Pandemonium: Depths:2
Ziggurat: Depths:1
Trove: D:12 (give 20 potions of curing)

Annotations:
Swamp:3 2 transporters, Leut's ghost, adept MiFi


Innate Abilities, Weirdness & Mutations

Your life essence is reduced to manifest your ancestor. (-10% HP)
You have hooves in place of feet.
You are completely covered in molten scales. (AC +4, rF+)
You can hurl damnation.
Your demonic aura often causes spilled blood to erupt in flames.
You are completely covered in sharp spines.
You are resistant to unholy torment.
You punish those that try to bend your will. (Will+)
You are partially covered in large bone plates. (SH +4)
You are very clumsy. (Dex -4)
Armour fits poorly on your strangely shaped body.
Your magical capacity is low. (-10% MP)
You passively map a small area around you.
You occasionally shout uncontrollably at your foes.
You do not regenerate when monsters are visible.
You are weak. (Str -2)


Message History

Your large abomination hits the hellion!
Your large abomination closely misses the hellion.
The hellion hits your large abomination but does no damage.
Your large abomination barely misses the hellion.
The hellion hits your large abomination but does no damage.
Your large abomination hits the hellion!!
Your large abomination closely misses the hellion.
The hellion gestures at you.
The sphere of damnation explodes!
The damnation engulfs you!
Your large abomination barely misses the hellion.
Something hits your large abomination. The hellion gestures at you.
The sphere of damnation explodes!
The damnation engulfs you!!
Casting: Summon Horrible Things (dangerous; 6% risk of failure)
Confirm with . or Enter, or press ? or * to list all spells.
You swap places.
Something hits your large abomination but does no damage.
There is an escape hatch in the ceiling here.
Something hits your large abomination but does no damage.
A mysterious force pulls you upwards. The hatch slams shut behind you.
Your summoned ally is left behind.
You open the door.
HP restored.
There is an open door here.
A reaper comes into view. It is wielding a +2 vampiric scythe.
There is an open door here.
Casting: Summon Horrible Things (dangerous; 6% risk of failure)
Confirm with . or Enter, or press ? or * to list all spells.
The reaper hits your large abomination with a +2 vampiric scythe!!!
Unknown command.
You swap places.
Your large abomination hits the reaper!!
The reaper hits your large abomination with a +2 vampiric scythe.
Your large abomination hits the reaper.
The reaper hits your large abomination with a +2 vampiric scythe!
Your large abomination is destroyed!
Your large abomination disappears in a puff of smoke!
There is a staircase leading out of the dungeon here.
The reaper hits your large abomination with a +2 vampiric scythe!
You have escaped!

.####.#...#.##.........#########.
.............'.........'.........
####..#.....##.........####...###
#........###........# ###..#
#.###.#.#####.....#.###....# #.#
#.............X2.2..##.#
#.###.###'#######X###..###.#
#.....#..⌠...>...⌠X.#.## #.#
#####.#......@......#.# #.#
#.+⌠....###....⌠+.####.#
#.#.............#......#
#.#######÷#######..#####
#.#.....÷.÷....[#.##
#.#.............#.#
#.#.............#.#
#.###############.#
#.................#


You could see a reaper (ally target) and 3 friendly large abominations.

Vanquished Creatures
  3 dread liches
  An ancient lich (Crypt:1)
  A juggernaut (Depths:3)
  Mennas (Depths:3)
  An orb of fire (Zot:5)
  A Killer Klown (Zot:5)
  3 golden dragons
  2 hellephants (Depths:4)
  2 electric golems
  Mlioglotl (Swamp:1)
  10 tentacled monstrosities
  16 Orb Guardians (Zot:5)
  4 liches
  Asterion (Snake:2)
  6 titans (Vaults:5)
  3 quicksilver dragons
  2 deep elf blademasters
  A deep elf master archer (Elf:3)
  Frances (D:13)
  2 acid blobs (Depths:1)
  5 sphinxes
  5 death cobs
  Gastronok (Lair:3)
  An ancient champion (Crypt:2)
  6 shadow dragons
  3 tengu reavers (Vaults:5)
  5 draconian monks
  7 storm dragons
  A rockslime (Depths:1)
  An azure jelly (Depths:1)
  A revenant (Vaults:2)
  A fenstrider witch (Swamp:2)
  7 fire giants
  3 nagarajas (Snake:4)
  19 vault wardens
  A balrug (Zot:2)
  5 frost giants
  Louise (D:14)
  2 draconian knights
  4 deep elf sorcerers
  2 ghost moths
  4 draconian shifters
  A caustic shrike zombie (Crypt:2)
  5 ghouls
  4 orc warlords
  A draconian scorcher (Zot:3)
  A curse skull (Crypt:1)
  17 very ugly things
  3 deep elf elementalists (Elf:3)
  6 draconian annihilators
  8 stone giants (Vaults:5)
  5 war gargoyles
  11 ironbound preservers
  8 green draconians
  7 ironbound thunderhulks
  7 deep elf demonologists
  An eleionoma (Swamp:4)
  2 deep elf annihilators
  3 vampire knights
  12 black draconians
  3 nameless horrors
  Azrael (Snake:2)
  7 yellow draconians
  A minotaur (Gauntlet)
  6 purple draconians
  2 bunyips
  5 dire elephants
  9 white draconians
  9 red draconians
  Snorg (D:13)
  A green death (Swamp:4)
  Josephine (D:11)
  7 jiangshi
  4 deep elf death magi
  A spriggan zombie (Crypt:2)
  An ettin (Depths:3)
  An entropy weaver (Vaults:1)
  Erolcha (D:11)
  Harold (Lair:2)
  5 deep elf high priests
  12 fire dragons
  11 yaktaur captains
  2 salamander tyrants (Snake:4)
  5 great orbs of eyes
  Fannar (D:10)
  8 hydras
  4 peacekeepers (Vaults:4)
  5 ice dragons
  2 rakshasas
  A jorogumo (shapeshifter) (Depths:3)
  4 ghost crabs
  38 vault guards
  2 spriggan air magi
  10 anacondas
  2 catoblepae
  9 ironbound frosthearts
  An ogre mage (Vaults:5)
  5 death knights
  2 two-headed ogres (D:12)
  5 boulder beetles
  The ghost of cforsyth the Cleaver, a novice HOMo of Beogh (D:8)
  9 centaur warriors
  11 death yaks
  A two-headed ogre (shapeshifter) (D:14)
  4 tengu warriors
  3 deep troll earth magi
  3 alligators
  17 naga warriors
  2 deep troll shamans (Depths:1)
  5 hell hogs (Depths:4)
  Urug (D:11)
  A spriggan berserker (Swamp:2)
  A death scarab (Gauntlet)
  8 vampire magi
  12 dancing weapons
  2 orc high priests
  9 naga sharpshooters
  Nergalle (Lair:2)
  A hell knight (Vaults:1)
  8 deep elf knights
  4 soul eaters (Crypt:1)
  14 shock serpents
  Sonja (D:12)
  A salamander mystic (Snake:2)
  2 spark wasp zombies
  A sixfirhy (Zot:1)
  2 shadow wraiths
  A sun demon (D:11)
  16 skeletal warriors
  A storm dragon skeleton (Crypt:2)
  4 iron trolls
  A spectral death yak (Gauntlet)
  7 swamp dragons
  18 deep trolls
  2 goliath frogs
  6 sea snakes (Snake:1)
  4 spriggan druids
  3 naga ritualists
  2 flayed ghosts (Depths:3)
  4 glowing orange brains
  A ghost moth zombie (Crypt:2)
  13 ironbound convokers
  6 deep elf archers
  14 lindwurms
  10 deep elf zephyrmancers
  7 wizards
  A lindwurm (shapeshifter) (Vaults:4)
  29 ugly things
  8 bog bodies
  A golden dragon skeleton (Depths:1)
  4 harpies
  7 necromancers
  A wolf spider zombie (D:15)
  13 mana vipers
  11 deep elf pyromancers
  10 orc knights
  13 phantasmal warriors
  An obsidian statue (Elf:2)
  15 moths of wrath
  A frost giant zombie (Depths:3)
  A cyclops (shapeshifter) (Elf:3)
  8 orc sorcerers
  5 cyclopes
  11 salamanders
  A tengu skeleton (Vaults:2)
  2 manticores
  A large abomination (Swamp:4)
  A stone giant zombie (Crypt:1)
  2 will-o-the-wisps (Swamp:1)
  An iron dragon skeleton (Crypt:1)
  2 centaur zombies (Crypt:2)
  A black mamba (shapeshifter) (D:14)
  3 rust devils
  6 spectral spriggans (Swamp:1)
  An orc zombie (Crypt:2)
  14 guardian serpents
  12 vault sentinels
  44 black mambas
  Joseph (D:7)
  A guardian serpent (shapeshifter) (Vaults:5)
  8 naga magi
  An elephant (Lair:5)
  2 gargoyles
  A torpor snail (Lair:5)
  A fire giant skeleton (Depths:1)
  An alligator snapping turtle zombie (Crypt:1)
  A hellion (Gauntlet)
  8 cane toads
  33 yaktaurs
  2 orange demons
  A kobold demonologist (D:14)
  7 rime drakes
  2 komodo dragons
  An efreet (D:13)
  A tengu conjurer (Depths:1)
  3 freezing wraiths
  A hellwing (D:11)
  A guardian mummy (Crypt:1)
  A polar bear (Lair:2)
  8 tyrant leeches
  A bloated husk (Swamp:2)
  A merfolk (shapeshifter) (Vaults:2)
  A hydra skeleton (Crypt:2)
  7 trolls
  A tarantella (D:15)
  10 hornets
  A raiju (shapeshifter) (Depths:3)
  A dream sheep (Lair:5)
  19 blink frogs
  A fire dragon zombie (Crypt:1)
  21 slime creatures
  2 centaur simulacra
  7 flying skulls
  2 air elementals (Elf:3)
  3 ynoxinuls
  11 spriggans
  4 shadows
  13 wraiths
  3 water elementals
  A vampire (D:12)
  A wyvern (D:11)
  38 yaks
  Grum (D:8)
  4 basilisks
  A yaktaur simulacrum (Vaults:2)
  A golden eye (shapeshifter) (Depths:3)
  2 hogs (Lair:3)
  3 chaos spawn (D:11)
  A neqoxec (D:11)
  A redback (D:15)
  20 vampire mosquitoes
  A steam dragon (D:9)
  4 wargs
  37 nagas
  17 swamp worms
  2 acid dragons
  4 hell hounds
  3 swamp drakes
  3 floating eyes
  22 water moccasins
  A naga skeleton (Crypt:2)
  24 orc warriors
  2 sky beasts (D:8)
  A sky beast (shapeshifter) (D:13)
  4 ice beasts
  2 cane toad skeletons
  An elephant zombie (Crypt:1)
  A spriggan simulacrum (Depths:1)
  A black bear (Lair:2)
  5 ogres
  26 wolves
  2 human zombies
  9 centaurs
  2 phantoms
  4 kobold brigands
  9 bullfrogs
  A deep troll simulacrum (Crypt:2)
  A naga simulacrum (Crypt:1)
  4 necrophages
  An earth elemental (Elf:3)
  3 gnoll sergeants
  2 scorpions (D:5)
  10 wights
  A human simulacrum (Vaults:2)
  13 killer bees
  A yak skeleton (Crypt:1)
  5 electric eels
  4 howler monkeys
  3 quasits (D:11)
  6 hounds
  2 jellies
  9 orc priests
  4 iron imps (Gauntlet)
  A gnoll bouda (D:8)
  Ijyb (D:3)
  Natasha (D:2)
  2 iguanas
  10 orc wizards
  A hell rat (Lair:5)
  3 human skeletons (Crypt:1)
  4 mummies (Crypt:1)
  Robin (D:2)
  2 adders
  17 gnolls
  6 hexers
  A steam dragon skeleton (Crypt:2)
  2 shadow imps
  2 white imps
  An ufetubus (D:7)
  A worm (D:3)
  3 dart slugs
  58 orcs
  2 bats
  7 endoplasms
  4 giant cockroaches (D:1)
  14 goblins
  13 hobgoblins
  6 jackals
  A quokka (D:3)
  9 ball pythons
  3 frilled lizards
  19 kobolds
  10 rats
  6 snaplasher vines
1658 creatures vanquished.

Vanquished Creatures (collateral kills)
  3 dread liches (Zot:5)
  An ancient lich (Zot:5)
  Tiamat (Zot:2)
  2 orbs of fire (Zot:5)
  Bai Suzhen (Vaults:2)
  2 Killer Klowns (Zot:5)
  A curse toe (Zot:4)
  A golden dragon (Zot:3)
  5 tentacled monstrosities
  A walking crystal tome (Depths:3)
  An Ice Fiend (Zot:5)
  A shard shrike skeleton (Crypt:2)
  8 Orb Guardians
  A deep elf blademaster (Elf:3)
  A quicksilver dragon (Zot:5)
  2 liches
  A death cob (Zot:1)
  A walking divine tome (Depths:3)
  A deep elf master archer (Elf:3)
  A titan (shapeshifter) (Vaults:5)
  Kirke (Lair:3)
  A thorn hunter (Swamp:4)
  7 shadow dragons
  3 storm dragons
  A tengu reaver (Depths:4)
  2 draconian monks
  A revenant (Crypt:2)
  7 fire giants
  5 nagarajas
  5 draconian knights
  A frost giant (Vaults:2)
  3 deep elf sorcerers (Elf:3)
  2 draconian shifters
  6 draconian scorchers
  2 balrugs
  A vault warden (Vaults:3)
  2 iron dragons (Vaults:5)
  2 ghost moths
  3 draconian stormcallers
  3 deep elf elementalists (Elf:3)
  2 draconian annihilators
  3 ironbound preservers
  4 very ugly things
  A stone giant (Vaults:5)
  2 ironbound thunderhulks
  A caustic shrike skeleton (Crypt:1)
  7 green draconians
  3 vampire knights
  3 deep elf demonologists
  4 black draconians
  An eleionoma (Swamp:2)
  5 yellow draconians
  2 deep elf annihilators (Elf:3)
  2 red draconians
  A dire elephant (Lair:5)
  7 purple draconians
  2 deep elf death magi
  4 ettins
  A blizzard demon (D:9)
  5 deep elf high priests
  3 fire dragons
  A green death (Swamp:4)
  A great orb of eyes (Vaults:2)
  4 jiangshi
  3 yaktaur captains
  4 vault guards
  2 hydras
  2 rakshasas
  3 ice dragons
  An ogre mage (Crypt:1)
  An ironbound frostheart (Vaults:1)
  A centaur warrior (Vaults:2)
  A merfolk aquamancer (Crypt:1)
  4 anacondas
  2 boulder beetles (D:13)
  5 spriggan air magi
  2 two-headed ogres
  A death knight (Crypt:2)
  6 death yaks
  4 nameless horrors
  3 deep troll shamans
  3 alligators
  3 naga warriors
  4 hell hogs (Depths:4)
  2 deep troll earth magi (Depths:1)
  2 spriggan berserkers
  A vampire mage (Crypt:2)
  6 naga sharpshooters
  11 dancing weapons
  6 shock serpents
  A soul eater (Crypt:1)
  An orc high priest (Orc:2)
  3 sun demons (Zot:5)
  A deep elf knight (Elf:2)
  An iron troll (Depths:1)
  3 skeletal warriors
  A golden dragon zombie (Depths:1)
  2 salamander mystics (Snake:4)
  6 deep trolls
  4 swamp dragons
  A glowing orange brain (Depths:3)
  4 bog bodies
  5 flayed ghosts
  5 deep elf archers (Elf:2)
  2 wizards
  An iron dragon zombie (Crypt:1)
  4 lindwurms
  3 naga ritualists
  5 ironbound convokers
  A sphinx zombie (Depths:1)
  A harpy (Vaults:2)
  7 deep elf zephyrmancers
  2 necromancers
  13 deep elf pyromancers
  4 phantasmal warriors
  3 orc knights
  3 orc sorcerers
  4 mana vipers
  8 ugly things
  A will-o-the-wisp (Swamp:1)
  4 salamanders
  2 spectral spriggans (Swamp:1)
  10 moths of wrath
  A stone giant skeleton (Depths:1)
  10 black mambas
  An elephant (Lair:5)
  2 guardian serpents
  A vault sentinel (Vaults:5)
  A centaur skeleton (D:15)
  11 naga magi
  A storm dragon simulacrum (Depths:3)
  Maggie (Lair:2)
  3 cane toads
  3 rime drakes
  A redback zombie (D:15)
  A hellion (Zot:5)
  A green draconian zombie (Crypt:2)
  An ice devil (D:4)
  6 komodo dragons
  A kobold demonologist (D:14)
  A freezing wraith (Crypt:2)
  11 yaktaurs
  A hydra zombie (Crypt:2)
  2 trolls (Orc:1)
  A polar bear (Lair:3)
  7 hornets
  A silent spectre (Crypt:1)
  5 blink frogs
  12 slime creatures
  A tyrant leech (Swamp:4)
  A dream sheep (Lair:5)
  An ettin zombie (Depths:1)
  An air elemental (Elf:3)
  7 flying skulls
  A centaur simulacrum (D:14)
  9 spriggans
  A wraith (Crypt:1)
  A basilisk (Lair:5)
  7 yaks
  A wyvern (Lair:3)
  A fire elemental (Snake:2)
  A human (Crypt:1)
  A steam dragon (D:8)
  A redback (D:15)
  A spriggan simulacrum (Depths:1)
  3 vampire mosquitoes
  10 nagas
  3 swamp worms
  A glowing shapeshifter skeleton (Depths:3)
  2 floating eyes (Depths:1)
  A meliai simulacrum (D:15)
  5 orc warriors
  4 water moccasins
  2 ice beasts
  8 wolves
  An earth elemental (Elf:2)
  A scorpion (D:6)
  An elf skeleton (Crypt:2)
  A necrophage (D:6)
  A wight (D:8)
  2 killer bees
  2 electric eels
  A howler monkey (D:9)
  A human zombie (Crypt:1)
  3 orc priests
  2 orc wizards (Orc:1)
  An iguana (D:5)
  2 gnolls
  An ufetubus (D:14)
  13 orcs
  An endoplasm (D:1)
  3 giant cockroaches (D:1)
  A kobold (D:8)
  A goblin skeleton (Crypt:2)
  A rat skeleton (Crypt:1)
564 creatures vanquished.

Vanquished Creatures (others)
  A tentacled monstrosity (Swamp:4)
  3 eldritch tentacles
  A fire giant (Depths:3)
  A purple draconian (Zot:5)
  2 naga sharpshooters (Snake:3)
  A naga warrior (Snake:3)
  A wizard (D:15)
  2 orange demons (Swamp:4)
  3 bloated husks
  2 humans (Lair:3)
  2 nagas (Snake:3)
  A nameless horror (Vaults:5)
  2 electric eels
  An orc wizard (Orc:2)
  74 hexers
  A demonic plant (D:11)
  9 foxfires (Swamp:1)
  44 fungi
  58 plants
  17 snaplasher vines
  18 withered plants
244 creatures vanquished.

Grand Total: 2466 creatures vanquished

Notes
Turn   | Place    | Note
-------+----------+-------------------------------------------
     0 | D:1      | ryw the Demonspawn Monk began the quest for the Orb.
     0 | D:1      | Reached XP level 1. HP: 18/18 MP: 1/1
     1 | D:1      | Found a runed translucent door.
   379 | D:1      | Gained mutation: You are partially covered in molten
                  | scales. (AC +2) [demonic ancestry]
   379 | D:1      | Reached XP level 2. HP: 24/24 MP: 2/2
   568 | D:1      | Found a faded altar of an unknown god.
  1252 | D:2      | Found a shimmering blue altar of Sif Muna.
  1583 | D:2      | Noticed Robin
  1590 | D:2      | Gained mutation: You are partially covered in sharp spines.
                  | [demonic ancestry]
  1590 | D:2      | Reached XP level 3. HP: 29/29 MP: 3/3
  1598 | D:2      | Killed Robin
  2149 | D:3      | Noticed Natasha
  2322 | D:2      | Gained mutation: You are mostly covered in molten scales.
                  | (AC +3) [demonic ancestry]
  2322 | D:2      | Reached XP level 4. HP: 24/37 MP: 4/4
  2393 | D:2      | Killed Natasha
  2737 | D:3      | Noticed Ijyb
  2799 | D:2      | Reached XP level 5. HP: 33/43 MP: 5/5
  3243 | D:3      | Killed Ijyb
  3514 | D:4      | You fall into a shaft and drop 3 floors!
  3647 | D:6      | Noticed an ogre
  3745 | D:7      | Noticed Joseph
  3783 | D:7      | Killed Joseph
  3784 | D:7      | Reached skill level 5 in Dodging
  3784 | D:7      | Reached XP level 6. HP: 44/52 MP: 6/6
  3784 | D:7      | Reached XP level 7. HP: 49/58 MP: 7/7
  4417 | D:6      | Reached XP level 8. HP: 65/67 MP: 8/8
  4482 | D:5      | Entered Level 5 of the Dungeon
  5097 | D:5      | Found a staircase to the Ecumenical Temple.
  5115 | Temple   | Entered the Ecumenical Temple
  5175 | Temple   | Became a worshipper of Hepliaklqana the Forgotten
  5175 | Temple   | Reached * piety under Hepliaklqana
  5175 | Temple   | Reached ** piety under Hepliaklqana
  5195 | D:5      | Remembered your ancestor Kateb as a hexer
  5822 | D:5      | Identified a scroll of acquirement
  5822 | D:5      | Acquired the +3 kite shield "Epsel" {+Inv Regen+}
  5905 | D:6      | Reached skill level 1 in Shields
  5905 | D:6      | Reached skill level 1 in Evocations
  5905 | D:6      | Gained mutation: You are mostly covered in sharp spines.
                  | [demonic ancestry]
  5905 | D:6      | Reached XP level 9. HP: 67/67 MP: 9/9
  6823 | D:8      | Noticed a troll
  6900 | D:8      | Killed a troll
  6921 | D:8      | Found a staircase to the Lair.
  7248 | D:8      | Found a runed translucent gate.
  7253 | D:8      | Found a runed translucent gate.
  7254 | D:8      | Found a runed translucent gate.
  7258 | D:8      | Reached XP level 10. HP: 75/75 MP: 10/10
  7302 | D:8      | Noticed cforsyth's ghost (novice HOMo)
  7322 | D:8      | Noticed Grum
  7454 | Lair:1   | Entered Level 1 of the Lair of Beasts
  7454 | Lair:1   | Reached *** piety under Hepliaklqana
  7482 | Lair:1   | Reached skill level 1 in Axes
  7507 | Lair:1   | Reached skill level 10 in Fighting
  7511 | Lair:1   | Reached skill level 5 in Evocations
  7657 | Lair:1   | Noticed a cane toad
  7673 | Lair:1   | Killed a cane toad
  7757 | Lair:1   | Found a blossoming altar of Fedhas.
  7768 | Lair:1   | Noticed a black mamba
  7772 | Lair:1   | Killed a black mamba
  7773 | Lair:1   | Reached skill level 5 in Shields
  8192 | Lair:2   | Reached XP level 11. HP: 82/82 MP: 11/11
  8255 | Lair:2   | Found a staircase to the Swamp.
  8267 | Lair:2   | Noticed Harold
  8287 | Lair:2   | Killed Harold
  8288 | Lair:2   | Reached skill level 10 in Dodging
  8314 | Lair:2   | Reached skill level 5 in Axes
  8529 | Lair:2   | Reached **** piety under Hepliaklqana
  8534 | Lair:2   | Noticed Maggie
  8547 | Lair:2   | Killed Maggie
  8599 | Lair:2   | Found a staircase to the Snake Pit.
  8771 | Lair:2   | Noticed Nergalle
  8780 | Lair:2   | Killed Nergalle
  8781 | Lair:2   | Reached XP level 12. HP: 86/90 MP: 10/12
  9127 | Lair:3   | Noticed Gastronok
  9138 | Lair:3   | Killed Gastronok
  9176 | Lair:3   | Noticed Kirke
  9188 | Lair:3   | Killed Kirke
  9347 | Lair:3   | Noticed a death yak
  9349 | Lair:3   | Noticed a death yak
  9351 | Lair:3   | Noticed a death yak
  9430 | Lair:3   | Killed a death yak
  9439 | Lair:3   | Killed a death yak
  9442 | Lair:3   | Killed a death yak
  9988 | Lair:4   | Noticed a death yak
  9988 | Lair:4   | Noticed a death yak
  9988 | Lair:4   | Noticed a death yak
  9988 | Lair:4   | Noticed a death yak
  9989 | Lair:4   | Noticed a death yak
  9990 | Lair:4   | Noticed a death yak
 10005 | Lair:4   | Killed a death yak
 10024 | Lair:3   | Killed a death yak
 10108 | Lair:4   | Noticed a death yak
 10108 | Lair:4   | Noticed a death yak
 10114 | Lair:4   | Noticed a death yak
 10114 | Lair:4   | Noticed a death yak
 10116 | Lair:4   | Noticed a death yak
 10138 | Lair:4   | Killed a death yak
 10139 | Lair:4   | Gained mutation: You have large cloven feet. [demonic
                  | ancestry]
 10139 | Lair:4   | Reached XP level 13. HP: 98/98 MP: 13/13
 10530 | D:8      | Killed Grum
 11126 | Lair:4   | Identified the +2 leather armour of Beogh's Favour {Drain
                  | Regen+ Str+5}
 11506 | Lair:5   | Entered Level 5 of the Lair of Beasts
 11589 | Lair:5   | Found a staircase to the Slime Pits.
 11839 | Lair:5   | Noticed a dire elephant
 11851 | Lair:5   | Killed a dire elephant
 11945 | Lair:5   | Gained mutation: You are completely covered in sharp
                  | spines. [demonic ancestry]
 11945 | Lair:5   | Reached XP level 14. HP: 96/98 MP: 14/14
 12231 | Lair:5   | Found a viscous altar of Jiyva.
 12330 | Lair:5   | Acquired the +1 pair of gloves "Joxkin" {rF+ Slay+3}
 12714 | D:8      | Reached ***** piety under Hepliaklqana
 12890 | D:8      | Killed cforsyth's ghost
 13342 | D:9      | Identified the +6 sling of Hard Scrabble {drain, rF+ Str+2}
 13390 | D:9      | Acquired the +1 broad axe of Arcadian Fortitude {flame, rF+
                  | Stlth+}
 13398 | D:9      | Found an opulent altar of Gozag.
 13619 | D:9      | Found Tigaegaw's Weapon Boutique.
 13619 | D:9      | Found a staircase to the Orcish Mines.
 13627 | D:9      | Found Liemn's Armour Boutique.
 13976 | Orc:1    | Entered Level 1 of the Orcish Mines
 13984 | Orc:1    | Reached skill level 10 in Evocations
 13998 | D:10     | Entered Level 10 of the Dungeon
 14004 | D:10     | Found a blossoming altar of Fedhas.
 14026 | D:10     | Acquired 1176 gold pieces
 14027 | D:10     | Acquired the amulet "Ane Bam" {Faith Fragile Str+9 Int+4
                  | Dex+4}
 14478 | D:10     | Noticed Fannar
 14486 | D:10     | Killed Fannar
 14926 | D:11     | Found a gate leading to a gauntlet.
 14942 | Gauntlet | Entered a Gauntlet
 14942 | Gauntlet | Found a transporter.
 14952 | Gauntlet | Found a transporter.
 14967 | Gauntlet | Found a transporter.
 14972 | Gauntlet | Found a transporter.
 14989 | Gauntlet | Found a transporter.
 15008 | Gauntlet | Found a transporter.
 15020 | Gauntlet | Found a transporter.
 15032 | Gauntlet | Found a transporter.
 15044 | Gauntlet | Found a transporter.
 15056 | Gauntlet | Found a transporter.
 15073 | Gauntlet | Found a transporter.
 15073 | Gauntlet | Found a transporter.
 15093 | Gauntlet | Found a transporter.
 15113 | Gauntlet | Found a transporter.
 15135 | Gauntlet | Found a transporter.
 15212 | Gauntlet | Found a transporter.
 15238 | Gauntlet | Found a transporter.
 15240 | Gauntlet | Found a transporter.
 15465 | Gauntlet | Reached skill level 1 in Spellcasting
 15501 | Gauntlet | Identified the +1 cloak "Otu Xirch" {rF+ Int+3 Dex+2}
 15749 | Gauntlet | Identified the +6 flail "Jonah" {freeze, rF+ rN+ Str+3}
 15749 | Gauntlet | Identified the ring of Birdsong {+Blink Will+}
 15798 | D:11     | Noticed Erolcha
 15806 | D:11     | Reached skill level 1 in Armour
 15806 | D:11     | Killed Erolcha
 15848 | D:11     | Reached skill level 10 in Shields
 15868 | D:11     | Noticed Josephine
 15874 | D:11     | Killed Josephine
 15889 | D:11     | Noticed Urug
 15899 | D:11     | Killed Urug
 16495 | D:11     | Learned a level 1 spell: Summon Small Mammal
 16496 | D:12     | Reached ****** piety under Hepliaklqana
 16699 | D:12     | Noticed Sonja
 16714 | D:12     | Killed Sonja
 16715 | D:12     | Reached skill level 1 in Summonings
 17030 | D:12     | Found a portal to a secret trove of treasure.
 17381 | D:13     | Found a gate to the Vaults.
 17387 | D:13     | Reached XP level 15. HP: 37/112 MP: 18/18
 17469 | D:13     | Reached skill level 10 in Axes
 17624 | D:13     | Reached skill level 2 in Summonings
 18066 | D:13     | Noticed Frances
 18080 | D:13     | Killed Frances
 18453 | D:14     | Reached skill level 3 in Summonings
 18592 | D:13     | Learned a level 3 spell: Call Canine Familiar
 18636 | D:14     | Noticed Louise
 18641 | D:14     | Noticed Snorg
 18665 | D:13     | Killed Snorg
 18748 | D:14     | Killed Louise
 19002 | D:14     | Reached skill level 4 in Summonings
 19626 | D:15     | Entered Level 15 of the Dungeon
 19955 | D:15     | Found a staircase to the Depths.
 19990 | D:15     | Gained mutation: You are completely covered in molten
                  | scales. (AC +4, rF+) [demonic ancestry]
 19990 | D:15     | Reached XP level 16. HP: 27/120 MP: 23/23
 20189 | D:15     | Reached skill level 5 in Armour
 20729 | Swamp:1  | Entered Level 1 of the Swamp
 20782 | Swamp:1  | Reached skill level 5 in Spellcasting
 21029 | Swamp:1  | Found a burning altar of Makhleb.
 21035 | Swamp:1  | Reached skill level 5 in Summonings
 22067 | Swamp:2  | Noticed Mlioglotl
 22148 | Swamp:1  | Killed Mlioglotl
 22278 | Swamp:2  | Reached skill level 15 in Fighting
 22278 | Swamp:2  | Reached skill level 6 in Summonings
 22850 | Swamp:3  | Found a transporter.
 22863 | Swamp:3  | Noticed Leut's ghost (adept MiFi)
 22865 | Swamp:3  | Found a bloodstained altar of Trog.
 22873 | Swamp:3  | Found a transporter.
 22903 | Swamp:3  | Reached skill level 1 in Invocations
 23563 | Swamp:4  | Entered Level 4 of the Swamp
 23615 | Swamp:3  | Learned a level 3 spell: Summon Guardian Golem
 23765 | Swamp:4  | Noticed a thorn hunter
 23776 | Swamp:4  | Killed a thorn hunter
 23780 | Swamp:4  | Noticed a tentacled monstrosity
 23796 | Swamp:4  | Killed a tentacled monstrosity
 23797 | Swamp:4  | Reached skill level 7 in Summonings
 23925 | Swamp:4  | Gained mutation: You have hoof-like feet. [demonic
                  | ancestry]
 23925 | Swamp:4  | Reached XP level 17. HP: 103/127 MP: 24/27
 24287 | Orc:1    | You are sucked into a shaft and drop 1 floor!
 24287 | Orc:2    | Entered Level 2 of the Orcish Mines
 24287 | Orc:2    | Found Ziebic's Vocational Training.
 24287 | Orc:2    | Found Hudyuh's Antique Weapon Emporium.
 24344 | Orc:1    | Found Ehuari's Antique Weapon Shop.
 24579 | Orc:2    | Found Gira's Antique Armour Emporium.
 24579 | Orc:2    | Found Zucsaitu's Magic Scroll Boutique.
 24594 | Orc:2    | Found Bouxag's General Store.
 24906 | Orc:2    | Found Direj's Book Shoppe.
 24913 | Orc:2    | Found a staircase to the Elven Halls.
 24948 | Orc:2    | Bought 2 potions of curing for 96 gold pieces
 25409 | D:9      | Learned a level 5 spell: Summon Forest
 25415 | D:9      | Learned a level 5 spell: Summon Mana Viper
 25422 | D:9      | Learned a level 6 spell: Summon Cactus Giant
 25652 | Swamp:4  | Reached skill level 5 in Invocations
 25905 | Swamp:3  | Reached skill level 1 in Hexes
 26080 | Swamp:4  | Reached skill level 1 in Translocations
 27136 | Swamp:4  | Noticed a tentacled monstrosity
 27177 | Swamp:4  | Killed a tentacled monstrosity
 27178 | Swamp:4  | Reached skill level 8 in Summonings
 27574 | Swamp:4  | Got a decaying rune of Zot
 27731 | Snake:1  | Entered Level 1 of the Snake Pit
 27852 | Lair:2   | Gained mutation: Your spells are a little harder to cast,
                  | but a little more powerful. [potion of mutation]
 27852 | Lair:2   | Gained mutation: Your muscles are strong. (Str +4, Int/Dex
                  | -1) [potion of mutation]
 27853 | Lair:2   | Lost mutation: Your muscles are strong. (Str +4, Int/Dex
                  | -1) [potion of mutation]
 27853 | Lair:2   | Lost mutation: Your spells are a little harder to cast, but
                  | a little more powerful. [potion of mutation]
 27853 | Lair:2   | Gained mutation: You are partially covered in large bone
                  | plates. (SH +4) [potion of mutation]
 27853 | Lair:2   | Gained mutation: Your muscles are strong. (Str +4, Int/Dex
                  | -1) [potion of mutation]
 28269 | Snake:1  | Found Aroen's Book Shoppe.
 28842 | Snake:1  | Found Ustem's Jewellery Boutique.
 28946 | Snake:1  | Found Uxugies's Armour Emporium.
 28998 | Snake:1  | Found Bixtyc's General Store.
 29647 | Snake:2  | Found Goigh's Weapon Shop.
 29650 | Snake:2  | Found Not Ysme's Armour Boutique.
 29652 | Snake:2  | Found Utauw's Armour Shop.
 29734 | Snake:2  | Gained mutation: You have hooves in place of feet. [demonic
                  | ancestry]
 29734 | Snake:2  | Reached XP level 18. HP: 134/134 MP: 30/30
 30046 | Snake:2  | Noticed Azrael
 30135 | Snake:1  | Reached skill level 9 in Summonings
 30179 | Snake:1  | Reached skill level 15 in Dodging
 30339 | Snake:1  | Found the +8 whip "Snakebite" {venom, curare, rPois}
 30350 | Snake:1  | Identified the ring "Gotuca" {Str+2 Dex+2 SInv}
 30411 | Snake:2  | Killed Azrael
 30412 | Snake:2  | Reached skill level 5 in Hexes
 30466 | Snake:2  | Noticed Asterion
 30483 | Snake:2  | Killed Asterion
 31152 | Snake:3  | Reached skill level 5 in Translocations
 32631 | Snake:4  | Entered Level 4 of the Snake Pit
 32690 | Snake:4  | Reached skill level 10 in Summonings
 33758 | Snake:4  | Identified the +2 quarterstaff "Acarinebane" {speed, rF+
                  | Will+}
 34095 | Snake:4  | Gained mutation: Your demonic aura sometimes causes spilled
                  | blood to erupt in flames. [demonic ancestry]
 34095 | Snake:4  | Reached XP level 19. HP: 139/139 MP: 32/32
 34330 | Snake:4  | Reached skill level 10 in Spellcasting
 34644 | Snake:4  | Got a serpentine rune of Zot
 35110 | Elf:1    | Entered Level 1 of the Elven Halls
 35161 | Elf:1    | Reached skill level 11 in Summonings
 35968 | Elf:1    | You are sucked into a shaft and drop 1 floor!
 36574 | Elf:2    | Found a radiant altar of Vehumet.
 36725 | Elf:2    | Found a runed translucent gate.
 36725 | Elf:2    | Found a runed translucent gate.
 36725 | Elf:2    | Found a runed translucent gate.
 37228 | Elf:2    | Reached skill level 15 in Axes
 37670 | Elf:2    | Learned a level 4 spell: Manifold Assault
 37724 | Elf:3    | Entered Level 3 of the Elven Halls
 37779 | Elf:3    | Upgraded the game from 0.30-a0-457-g4b7bca3bfa to
                  | 0.30-a0-458-g86641cc369
 38157 | Elf:3    | Noticed a Tzitzimitl
 38160 | Elf:3    | Reached skill level 12 in Summonings
 38336 | Elf:3    | Identified the ring of Demir {rF+ rC+ rCorr Int+6}
 38353 | Elf:3    | Identified the +3 shortbow "Wonar" {speed, Dex+4}
 38362 | Elf:3    | Gained mutation: Your demonic aura often causes spilled
                  | blood to erupt in flames. [demonic ancestry]
 38362 | Elf:3    | Reached XP level 20. HP: 79/145 MP: 25/34
 38448 | Elf:3    | Identified the +4 hand axe of the Wraith {speed, rN+ Dex+3}
 38450 | Elf:3    | Identified the +6 broad axe "Tuahead" {flame, rElec Int+3
                  | Dex-4}
 38465 | Elf:3    | Identified the ring of Fecsu {*Corrode rF+ EV+4 Dex+2
                  | Slay+3}
 38472 | Elf:3    | Paralysed by an air elemental for 1 turns
 38477 | Elf:3    | Identified the +7 mace of the Whelk {vorpal, Str+2}
 38685 | Elf:3    | Identified the +5 plate armour of the Valley of Death {rN+}
 38687 | Elf:3    | Identified the +5 ring mail of Kikubaaqudgha's Envy
                  | {Regen+}
 38702 | Elf:3    | Identified the +3 spear "Bievvom" {flame, rPois rC++}
 38728 | Elf:3    | Identified the +7 quarterstaff "Satoev" {venom, rElec rC-
                  | Int+2 SInv}
 38908 | Elf:3    | Got Sif Muna's Meditations on Superposition and Despicable
                  | Rituals
 38927 | Elf:3    | Got Dihiubuu's Exposition on the Geologist and Shaping
 39363 | Vaults:1 | Entered Level 1 of the Vaults
 39910 | Vaults:1 | Reached skill level 13 in Summonings
 40693 | Vaults:2 | Got Dovaag's Commentary on the Hazy Comitatus
 40697 | Vaults:2 | Learned a level 2 spell: Wereblood
 40732 | Vaults:2 | Reached skill level 1 in Transmutations
 40946 | Vaults:2 | Noticed Bai Suzhen
 40959 | Vaults:2 | Killed Bai Suzhen
 41166 | Vaults:2 | Reached XP level 21. HP: 151/151 MP: 35/35
 41654 | Vaults:2 | Found a staircase to the Crypt.
 41891 | Vaults:3 | Identified the +2 robe of Jinutem {Str+7}
 42446 | Vaults:3 | Reached skill level 14 in Summonings
 42740 | Vaults:3 | Found Evidd's Weapon Shop.
 43359 | Vaults:4 | Found Vaude's Antique Armour Shop.
 43977 | Vaults:4 | Found Gozag's Assorted Antiques.
 43998 | Vaults:4 | Found an opulent altar of Gozag.
 44071 | Vaults:4 | Learned a level 7 spell: Malign Gateway
 44235 | Vaults:4 | Found Gozag's Antique Weapon Shop.
 44239 | Vaults:4 | Found Gozag's Antique Weapon Shop.
 44649 | Vaults:5 | Entered Level 5 of the Vaults
 44656 | Vaults:5 | Noticed a golden dragon
 44661 | Vaults:5 | Reached skill level 10 in Translocations
 44661 | Vaults:5 | Gained mutation: You punish those that try to bend your
                  | will. (Will+) [demonic ancestry]
 44661 | Vaults:5 | Reached XP level 22. HP: 124/157 MP: 20/37
 44671 | Vaults:4 | HP: 2/157 [golden dragon (29)]
 44680 | Vaults:4 | HP: 7/157 [golden dragon] (9)]
 44680 | Vaults:4 | HP: 3/157 [poisoned by a golden dragon (poison gas)]
 44682 | Vaults:4 | HP: 1/157 [poisoned by a golden dragon (poison gas)]
 44857 | Vaults:5 | Noticed a dread lich
 44939 | Vaults:4 | Killed a dread lich
 45008 | Vaults:4 | Killed a golden dragon
 45087 | Vaults:5 | Reached skill level 15 in Summonings
 45135 | Vaults:5 | Identified the ring of the Barnacle {rC+ Will- Str+2 Int+6
                  | Dex+6}
 45475 | Vaults:5 | Noticed a golden dragon
 45483 | Vaults:5 | Killed a golden dragon
 45852 | Vaults:5 | Reached skill level 10 in Armour
 45855 | Vaults:5 | Identified the +9 dire flail of Lust {antimagic, Fly}
 46384 | Vaults:5 | Identified the +2 ring mail "Joseolu" {Will++ rCorr Int+4}
 46557 | Vaults:5 | Found the +3 salamander hide armour {Flames rF++ rC--}
 46571 | Vaults:5 | Got a silver rune of Zot
 46586 | Vaults:5 | Upgraded the game from 0.30-a0-458-g86641cc369 to
                  | 0.30-a0-459-g9104f0fc43
 46750 | Crypt:1  | Entered Level 1 of the Crypt
 46845 | Crypt:1  | Learned a level 7 spell: Summon Hydra
 47146 | Crypt:1  | Found a runed door.
 47922 | Crypt:1  | Reached XP level 23. HP: 161/163 MP: 21/39
 48349 | Crypt:1  | Noticed an ancient lich
 48349 | Crypt:1  | Noticed a dread lich
 48360 | Crypt:1  | Killed an ancient lich
 48363 | Crypt:1  | Killed a dread lich
 48409 | Crypt:1  | Identified the +9 arbalest "Harisikk" {speed, rElec Will-
                  | Str+7 Int+4}
 48410 | Crypt:1  | Identified the +1 pair of gloves of Loacea {rCorr Slay+2}
 48653 | Crypt:2  | Reached skill level 16 in Summonings
 49739 | Depths:1 | Entered Level 1 of the Depths
 49742 | Depths:1 | Found a transporter.
 49742 | Depths:1 | Found a transporter.
 49995 | Depths:1 | Found a gateway to Hell.
 50042 | Depths:1 | Found a one-way gateway to a ziggurat.
 50049 | Depths:1 | Found a sacrificial altar of Ru.
 50182 | Depths:1 | Found a viscous altar of Jiyva.
 50619 | Depths:1 | Identified the ring "Aceegez" {rPois rCorr Str+2 Int+6
                  | Dex-2}
 50635 | Depths:1 | Acquired 648 gold pieces
 50808 | Depths:2 | Found a one-way gate to the infinite horrors of the Abyss.
 51225 | Depths:2 | Found a one-way gate leading to the halls of Pandemonium.
 52025 | Depths:3 | Noticed Mennas
 52038 | Depths:3 | Killed Mennas
 52221 | Depths:3 | Gained mutation: You are resistant to unholy torment.
                  | [demonic ancestry]
 52221 | Depths:3 | Reached XP level 24. HP: 173/173 MP: 39/39
 52323 | Depths:3 | Got the Meditations on Shapeshifting and Arcane Weapons
 52887 | Depths:4 | Entered Level 4 of the Depths
 52980 | Depths:4 | Noticed a juggernaut
 52983 | Depths:4 | Paralysed by a floating eye for 2 turns
 52998 | Depths:4 | Paralysed by a floating eye for 3 turns
 53004 | Depths:4 | Paralysed by a floating eye for 3 turns
 53013 | Depths:4 | Paralysed by a floating eye for 4 turns
 53030 | Depths:3 | Killed a juggernaut
 53031 | Depths:3 | Reached skill level 17 in Summonings
 53556 | Depths:3 | Identified the +7 quarterstaff of Fatigue {freeze, rElec
                  | Int+5}
 53678 | Depths:4 | Found Ongoseut's Antique Weapon Boutique.
 53678 | Depths:4 | Found Unahajio's Distillery.
 53780 | Depths:4 | Bought a potion of heal wounds for 80 gold pieces
 53780 | Depths:4 | Bought a potion of heal wounds for 80 gold pieces
 53943 | Depths:4 | Acquired 725 gold pieces
 54029 | Depths:4 | Found an ancient bone altar of Kikubaaqudgha.
 54064 | Depths:4 | Found a gate to the Realm of Zot.
 54159 | Depths:4 | Learned a level 7 spell: Monstrous Menagerie
 54169 | Depths:4 | Learned a level 8 spell: Summon Horrible Things
 54170 | Zot:1    | Entered Level 1 of the Realm of Zot
 55578 | Zot:2    | Found Baohoana's CLEARANCE SALE!.
 55648 | Zot:2    | Acquired the +3 crystal plate armour of Utwyum {Slay+3}
 56062 | Zot:2    | Reached skill level 18 in Summonings
 56729 | Zot:2    | Found the +4 dragonskin cloak
 56729 | Zot:2    | Noticed Tiamat
 57779 | Zot:2    | Killed Tiamat
 58487 | Zot:3    | Reached XP level 25. HP: 179/183 MP: 22/41
 58723 | Zot:3    | Reached skill level 19 in Summonings
 60103 | Zot:4    | Reached skill level 20 in Summonings
 61517 | Zot:5    | Entered Level 5 of the Realm of Zot
 62196 | Zot:5    | Reached skill level 21 in Summonings
 62264 | Zot:5    | Noticed an ancient lich
 62264 | Zot:5    | Noticed an orb of fire
 62264 | Zot:5    | Noticed an orb of fire
 62264 | Zot:5    | Noticed an orb of fire
 62264 | Zot:5    | Gained mutation: You do not regenerate when monsters are
                  | visible. [an orb of fire]
 62264 | Zot:5    | Noticed a Killer Klown
 62264 | Zot:5    | Noticed a dread lich
 62328 | Zot:5    | Killed an ancient lich
 62558 | Zot:5    | Gained mutation: You are clumsy. (Dex -2) [an orb of fire]
 62560 | Zot:5    | Killed an orb of fire
 63209 | Zot:5    | Killed a Killer Klown
 63490 | Zot:5    | Killed a dread lich
 63846 | Zot:5    | Killed an orb of fire
 63882 | Zot:5    | Noticed a dread lich
 63882 | Zot:5    | Noticed a dread lich
 63888 | Zot:5    | Noticed an orb of fire
 63895 | Zot:5    | Gained mutation: Armour fits poorly on your strangely
                  | shaped body. [an orb of fire]
 63897 | Zot:5    | Gained mutation: You occasionally shout uncontrollably at
                  | your foes. [an orb of fire]
 63903 | Zot:5    | Gained mutation: Your magical capacity is low. (-10% MP)
                  | [an orb of fire]
 63941 | Zot:5    | Noticed a Killer Klown
 64322 | Zot:5    | Killed a dread lich
 64323 | Zot:5    | Gained mutation: You can hurl damnation. [demonic ancestry]
 64323 | Zot:5    | Reached XP level 26. HP: 196/196 MP: 24/36
 64375 | Zot:5    | Noticed a dread lich
 64390 | Zot:5    | Lost mutation: Your muscles are strong. (Str +4, Int/Dex
                  | -1) [an orb of fire]
 64396 | Zot:5    | Killed a dread lich
 64419 | Zot:5    | Gained mutation: You are weak. (Str -2) [an orb of fire]
 64426 | Zot:5    | Gained mutation: You passively map a small area around you.
                  | [an orb of fire]
 64433 | Zot:5    | Killed an orb of fire
 64802 | Zot:5    | Killed a dread lich
 65043 | Zot:5    | Got the Orb of Zot
 65547 | D:11     | Gained mutation: You are very clumsy. (Dex -4) [a neqoxec]
 65865 | D:$      | Escaped with the Orb!

Illustrated notes

Levels and vault maps discovered:
D:1:      dpeg_arrival_caged_fury, layout_loops_corners, serial_forest,
          infiniplex_forest_end_1, infiniplex_forest_clump_tiny,
          infiniplex_forest_corner_2, infiniplex_forest_lined_room_3,
          infiniplex_forest_lined_2, infiniplex_forest_clump_large,
          infiniplex_forest_zigzag_1, hellmonk_ecumenical_altar_defaced_shrine,
          nicolae_concentric_dashed_squares_mild, minmay_shallow_snake_nest
D:2:      layout_basic, basic_altar, minmay_tree_intersection, uniq_robin
D:3:      layout_loops_ring, uniq_natasha, uniq_ijyb
D:4:      layout_basic
D:5:      nicolae_cairo_tiling_large_dashed, layout_loops_cross,
          minmay_temple_entry_overgrown, grunt_decor_fettered
D:6:      layout_cave_pools
D:7:      layout_loops_ring, minmay_increasing_density, uniq_joseph
D:8:      layout_basic, erik_lair_island, gammafunk_ghost_spectres, uniq_grum
D:9:      layout_cave_pods, kennysheep_mini_moat, orc_david_3, kennysheep_nub,
          kennysheep_generic_room_13
D:10:     layout_loops_ring, nicolae_tso_carved_into_rock, old_standard_altar,
          nrook_pool_corridor, uniq_fannar
D:11:     layout_basic, serial_demonic, serial_demonic_a, serial_demonic_a,
          serial_demonic_g, serial_demonic_a, gauntlet_entry_generic,
          minmay_misc_feat_nine_boxes, nrook_guardian_serpent_double,
          uniq_josephine, uniq_urug, uniq_erolcha
D:12:     layout_cave_pods, enter_trove_2,
          nicolae_concentric_dashed_squares_wild, uniq_sonja
D:13:     layout_roguey, lightli_vaults_fourway_checkpoint,
          lightli_corner_chamber, uniq_frances
D:14:     minmay_bubble_buster, layout_loops_ring, serial_ice, serial_ice_f,
          serial_ice_n, serial_ice_a, serial_ice_g, serial_ice_c, uniq_snorg,
          uniq_louise
D:15:     grunt_enter_depths_magical_seal, layout_irregular_city,
          chequers_serial_rivers_small_a
Temple:   hellmonk_temple_of_storms
Lair:1:   layout_roguey, basic_altar, grunt_megastairs_5
Lair:2:   layout_regular_city, minmay_swamp_entry_swarm,
          minmay_snake_entry_six_corridors, grunt_forest_stairs_clearing,
          uniq_maggie, uniq_harold, uniq_nergalle
Lair:3:   layout_gridlike, lemuel_fruit_tree, uniq_kirke, uniq_gastronok
Lair:4:   layout_loops_ring
Lair:5:   hangedman_lair_in_review, layout_loops_ring, slime_entry_1,
          grunt_forest_stairs_basic
Swamp:1:  nicolae_swamp_flooded_prison, layout_falls_marsh, basic_altar,
          infiniplex_staircase_pool
Swamp:2:  layout_falls_marsh, nicolae_swamp_trees_clearing, uniq_mlioglotl
Swamp:3:  layout_basic_swamp, gammafunk_ghost_wrathful_warriors,
          evilmike_swamp_ruin_rubble_2, swamp_pool3, nicolae_swamp_stair_fork
Swamp:4:  swamp_vile, layout_basic_swamp
Snake:1:  nicolae_snake_attic_fulla_snakes, layout_cave_pods, serial_shops,
          shop, shop_fountains, nicolae_take_the_stairs, shop_statue
Snake:2:  layout_onion, minmay_shop_star, uniq_azrael, uniq_asterion
Snake:3:  layout_grid_maze, serial_bayou_crossing, grunt_megastairs_4
Snake:4:  grunt_snake_rune_serpentine_throne, layout_cave_town,
          nicolae_snake_storage_room
Orc:1:    layout_diamond_mine, serial_shops, shop
Orc:2:    grunt_orc_gardens, layout_caves, grunt_orc_garden, grunt_orc_garden,
          grunt_orc_garden, grunt_orc_garden, serial_shops,
          nicolae_shop_advertising_works [nicolae_subvault_shop_adworks],
          nicolae_shop_vocational
Elf:1:    layout_geoelf_grid, evilmike_minifort
Elf:2:    elven_hall_of_blades_hangedman_original [nooodl_blade_entry_preview],
          layout_geoelf_octagon, serial_glass, glass_columns_a, glass_columns_a,
          glass_columns_b, glass_columns_a, glass_columns_a, guppyfry_elf_altar
Elf:3:    minmay_elf_hall_not_hex, layout_geoelf_grid
Vaults:1: ontoclasm_vaults_gateway, vaults_mumra_chevron, vaults_mumra_hex,
          vaults_room_stairs_pillars, nicolae_vaults_murderbox,
          grunt_vaults_funnel, vaults_room_pools, ontoclasm_vaults_ligature,
          nicolae_vaults_little_ls, vaults_mumra_hexcomb,
          nicolae_vaults_circle_grid_b, layout_vaults_omnicross
Vaults:2: grunt_vaults_bifocal, minmay_crypt_entry_simple_corners,
          grunt_vaults_diagonal, vaults_room_hangedman_quadrants,
          ontoclasm_vaults_tryst, vaults_room_fours, serial_ice_m,
          nicolae_vaults_network_periphery, v_pattern_1, ontoclasm_vaults_twist,
          vaults_dpeg_encased_lava, nicolae_vaults_little_squares_6,
          hangedman_vaults_locks, vaults_room_grunt_arrival_ludios, v_misc_15,
          layout_vaults_big_room, uniq_bai_suzhen
Vaults:3: ontoclasm_vaults_bender, ontoclasm_vaults_chip,
          vaults_dpeg_emergency_exit, grunt_vaults_twisty,
          nicolae_vaults_network_s, v_misc_28, v_misc_5, v_rooms_1,
          nicolae_vaults_specimen_jars, nicolae_vaults_little_squares_3,
          v_misc_17, nicolae_vaults_meeting, ontoclasm_vaults_idyll, v_misc_13,
          layout_vaults_maze_bifur, serial_shops,
          nicolae_shop_bloodbath_and_beyond
Vaults:4: nicolae_vaults_bisected_slash, ontoclasm_vaults_decontamination,
          kennysheep_vaults_gozag_temple, hangedman_vaults_impose,
          ontoclasm_vaults_ring_square, hangedman_vaults_stream,
          nicolae_vaults_triangles, nicolae_vaults_little_squares_6,
          nicolae_vaults_network_quinsquares
          [nicolae_vaults_network_quincunx_subvault,
          nicolae_vaults_network_quincunx_subvault,
          nicolae_vaults_network_quincunx_subvault,
          nicolae_vaults_network_quincunx_subvault],
          nicolae_vaults_little_squares_5, ontoclasm_vaults_spin,
          vaults_room_semicircle, nicolae_vaults_little_squares_6,
          nicolae_vaults_mini_display_case, v_alt_pattern_6,
          vaults_room_octagon, ontoclasm_vaults_idyll, layout_vaults_omnibox,
          serial_shops, nicolae_shop_hallway_plus
Vaults:5
Crypt:1:  evilmike_wizard_prison, layout_rooms, columned_hall_lemuel,
          grunt_crypt_arrival_guarded_gate, grunt_megastairs_3, uniq_grunn
Crypt:2:  layout_misc_corridors, serial_glass, glass_columns_b, glass_columns_a,
          grunt_megastairs_1
Depths:1: gammafunk_jiyva_shrine, layout_cave_pools, enter_ziggurat_f,
          hell_entry, minmay_misc_feat_doors, nicolae_ru_the_path_less_chosen,
          serial_bayou_shore_b
Depths:2: evilmike_inaccessible_box, layout_cave_pools, abyss_entry,
          nicolae_figureground_pulse, hangedman_coc_ice_floe, pan_entry,
          patterned_corridor
Depths:3: minmay_outward_triangles, layout_gridville,
          pf_vacation_house_of_asmodeus, serial_sigils,
          serial_sigils_hangedman_stare, serial_sigils_hangedman_confine,
          serial_sigils_hangedman_gut, serial_sigils_hangedman_gnaw,
          serial_sigils_hangedman_scar, abyss_entry, firewood_loft, uniq_mennas
Depths:4: evilmike_zot_entry_basic, layout_cross, kiku_gazebo_garden_becter,
          grunt_hell_horde, abyss_entry, minivault_11, nicolae_wooded_promenade
Zot:1:    layout_gridville
Zot:2:    minmay_elemental_castle, layout_gridlike, nicolae_shop_clearance,
          uniq_tiamat
Zot:3:    nicolae_moth_party, layout_misc_corridors
Zot:4:    layout_onion
Zot:5:    layout_concentric_octagons

Skill      XL: |  1  2  3  4  5  6  7  8  9 10 11 12 13 14 15 16 17 18 19 20 21 22 23 24 25 26 |
---------------+-------------------------------------------------------------------------------+-----
Unarmed Combat | 3 |  3.0
Dodging        | 3 4 5 6 8 9 10 11 12 13 14 15 17 19 | 19.0
Fighting       | 4 6 7 8 9 10 11 12 13 14 15 16 18 20 | 20.5
Shields        | 1 3 5 7 8 9 10 11 12 13 14 | 14.0
Evocations     | 1 4 5 6 8 9 11 | 11.0
Axes           | 3 5 7 8 9 11 12 13 14 15 16 17 18 | 18.0
Stealth        | 2 |  2.0
Spellcasting   | 2 4 6 8 9 10 11 12 14 | 14.0
Armour         | 2 4 6 8 9 10 | 10.0
Summonings     | 1 4 7 8 10 12 13 14 15 16 18 21 | 21.0
Invocations    | 3 5 |  5.0
Hexes          | 4 5 |  5.0
Translocations | 3 5 8 10 11 12 13 14 | 14.5
Transmutations | 3 |  3.0

Action                   |  1- 3 |  4- 6 |  7- 9 | 10-12 | 13-15 | 16-18 | 19-21 | 22-24 | 25-27 || total
-------------------------+-------+-------+-------+-------+-------+-------+-------+-------+-------++-------
Melee: Unarmed           |    26 |       |       |       |       |       |       |       |       ||    26
       Short sword       |     8 |       |       |       |       |       |       |       |       ||     8
       Hand axe          |    91 |       |       |       |       |       |       |       |       ||    91
       Dagger            |    15 |    96 |   116 |       |       |       |       |       |       ||   227
       Punch             |     1 |     4 |     4 |       |       |       |       |       |       ||     9
       War axe           |       |       |    79 |   355 |   333 |       |       |       |       ||   767
       Broad axe         |       |       |       |       |   545 |   978 |   679 |   825 |   244 ||  3271
       Kick              |       |       |       |       |       |   123 |   313 |   410 |   136 ||   982
 Fire: Sling             |       |       |       |       |     7 |       |       |       |       ||     7
Throw: Dart              |       |       |    19 |       |       |       |       |       |       ||    19
       Javelin           |       |       |     2 |     3 |       |       |       |       |       ||     5
       Throwing net      |       |       |     1 |       |       |       |       |       |       ||     1
 Cast: Call Canine Famil |       |       |       |       |       |   150 |    46 |       |       ||   196
       Summon Guardian G |       |       |       |       |       |    21 |       |       |       ||    21
       Summon Cactus Gia |       |       |       |       |       |     2 |    18 |    87 |    14 ||   121
       Summon Forest     |       |       |       |       |       |       |    50 |    75 |    30 ||   155
       Summon Mana Viper |       |       |       |       |       |       |    24 |    51 |       ||    75
       Manifold Assault  |       |       |       |       |       |       |     8 |       |       ||     8
       Wereblood         |       |       |       |       |       |       |    11 |    75 |    30 ||   116
       Summon Hydra      |       |       |       |       |       |       |       |    46 |    17 ||    63
       Monstrous Menager |       |       |       |       |       |       |       |    15 |    20 ||    35
       Summon Horrible T |       |       |       |       |       |       |       |     1 |    40 ||    41
       Malign Gateway    |       |       |       |       |       |       |       |     1 |     1 ||     2
Invok: Ancestor Life: He |       |       |     1 |       |       |       |       |       |       ||     1
       Recall Ancestor   |       |       |       |       |     2 |    22 |     2 |       |     1 ||    27
 Abil: Evoke Invisibilit |       |       |       |       |     4 |     2 |       |       |       ||     6
       Evoke Blink       |       |       |       |       |       |     1 |       |       |       ||     1
Evoke: Wand              |       |       |       |       |       |       |     1 |       |       ||     1
  Use: Potion            |       |     3 |       |     2 |     2 |     9 |     1 |    14 |     4 ||    35
       Scroll            |       |       |    14 |     5 |    12 |     4 |     3 |    12 |       ||    50
 Stab: Sleeping          |     6 |     2 |     4 |     2 |     8 |     6 |     4 |     2 |       ||    34
       Confused          |       |       |     7 |     6 |    27 |    14 |    32 |    47 |     4 ||   137
       Distracted        |       |       |     3 |    12 |    17 |    33 |    14 |    27 |    13 ||   119
       Invisible         |       |       |       |       |    10 |     2 |       |       |       ||    12
       Petrified         |       |       |       |       |     3 |       |       |       |       ||     3
       Paralysed         |       |       |       |       |    17 |    69 |    38 |    59 |    13 ||   196
Armor: Robe              |    43 |     7 |       |       |       |       |       |       |       ||    50
       Skin              |       |    21 |       |       |       |       |       |       |       ||    21
       Leather armour    |       |     1 |    71 |    85 |   172 |   140 |    65 |   122 |    55 ||   711
       Swamp dragon scal |       |       |       |       |       |    88 |     8 |       |       ||    96
Dodge: Dodged            |    95 |    45 |   160 |   240 |   543 |   574 |   265 |   463 |   167 ||  2552
Block: Kite shield       |       |       |    63 |   346 |   692 |   961 |   512 |   657 |   204 ||  3435

Table legend: (Time is in decaauts)
 A = Elapsed time spent in this place.
 B = Non-inter-level travel time spent in this place.
 C = Inter-level travel time spent in this place.
 D = Time resting spent in this place.
 E = Time spent auto-exploring this place.
 F = Levels seen in this place.
 G = Mean time per level.
                   A        B        C        D        E       F      G
               +--------+--------+--------+--------+--------+-----+--------+
         Total |  66383 |  61609 |   4774 |  10905 |  33233 |  51 | 1301.6 |
       Dungeon |  15971 |  14304 |   1667 |   1802 |   8603 |  15 | 1064.7 |
        Temple |     78 |     61 |     17 |      0 |      9 |   1 |   78.0 |
          Lair |   6089 |   5486 |    603 |   1025 |   2884 |   5 | 1217.8 |
         Swamp |   5643 |   5350 |    293 |   1489 |   1864 |   4 | 1410.8 |
     Snake Pit |   6577 |   6265 |    312 |   1441 |   2644 |   4 | 1644.2 |
  Orcish Mines |   1243 |    995 |    248 |    101 |    560 |   2 |  621.5 |
   Elven Halls |   4095 |   3874 |    221 |    310 |   2516 |   3 | 1365.0 |
        Vaults |   7418 |   6925 |    493 |    252 |   5144 |   5 | 1483.6 |
         Crypt |   2782 |   2670 |    112 |    357 |   1459 |   2 | 1391.0 |
        Depths |   4497 |   4275 |    222 |    336 |   2931 |   4 | 1124.2 |
           Zot |  11123 |  10540 |    583 |   3562 |   4318 |   5 | 2224.6 |
      Gauntlet |    861 |    861 |      0 |    229 |    299 |   1 |  861.0 |
               +--------+--------+--------+--------+--------+-----+--------+

Top non-repeatable levels by time:
   Zot:2: 3334 daAuts
   Zot:5: 3238 daAuts
 Swamp:4: 2100 daAuts
Vaults:4: 2056 daAuts
 Snake:4: 2014 daAuts
   Zot:4: 1938 daAuts
 Snake:3: 1794 daAuts
 Crypt:1: 1755 daAuts
   Zot:3: 1692 daAuts
 Snake:1: 1650 daAuts
  Lair:2: 1615 daAuts
   Elf:2: 1560 daAuts
Depths:3: 1555 daAuts
Vaults:5: 1551 daAuts
     D:2: 1529 daAuts
